 Dungeon Crawl Stone Soup version 0.21-a0-578-gc6e9d75 (webtiles) character file.

345 vishdafish the Poker (level 6, -2/44 HPs)
             Began as a Demonspawn Skald on Dec 18, 2017.
             Slain by Edmund
             ... wielding a +2 flail of protection
              (6 damage)
             ... on level 4 of the Dungeon.
             The game lasted 00:04:18 (3313 turns).

vishdafish the Poker (Demonspawn Skald)             Turns: 3313, Time: 00:04:18

Health: -2/44      AC:  9    Str: 12    XL:     6   Next: 32%
Magic:  1/9        EV: 12    Int: 21    God:
Gold:   187        SH:  0    Dex: 12    Spells: 8/9 levels left

rFire    . . .     SeeInvis .   a - +0 spear
rCold    . . .     Gourm    .   (no shield)
rNeg     . . .     Faith    .   b - +0 leather armour
rPois    +         Spirit   .   l - +1 helmet {Int+3}
rElec    .         Reflect  .   (no cloak)
rCorr    .         Harm     .   (no gloves)
MR       .....                  r - +0 pair of boots
Stlth    +.........             (no amulet)
HPRegen  0.14/turn              p - +2 ring of intelligence
MPRegen  0.11/turn              q - ring of poison resistance

@: no status effects
A: slimy green scales 2
a: no special abilities


You were on level 4 of the Dungeon.
You were not hungry.

You visited 1 branch of the dungeon, and saw 4 of its levels.

You collected 187 gold pieces.

Inventory:

Hand Weapons
 a - a +0 spear (weapon)
Armour
 b - a +0 leather armour (worn)
 l - a +1 helmet of intelligence (worn)
 r - a +0 pair of boots (worn)
Jewellery
 p - a +2 ring of intelligence (left hand)
 q - a ring of poison resistance (right hand)
Scrolls
 e - 5 scrolls of amnesia {unknown}
 g - 7 scrolls of identify {unknown}
 i - a scroll of enchant weapon {unknown}
 j - 2 scrolls of immolation {unknown}
 k - 2 scrolls of teleportation {unknown}
 n - 2 scrolls of fear {unknown}
 s - a scroll of magic mapping {unknown}
Potions
 f - 2 potions of agility {unknown}
 h - a potion of haste {unknown}
 m - 3 potions of curing {unknown}
 o - a potion of degeneration {unknown}
Books
 c - a book of Battle

   Spells                             Type                      Level
   a - Infusion                       Charms                       1
   b - Shroud of Golubria             Charms/Translocation         2
   c - Song of Slaying                Charms                       2
   d - Spectral Weapon                Hexes/Charms                 3
   e - Regeneration                   Charms/Necromancy            3
Comestibles
 d - 7 rations


   Skills:
 - Level 2.0 Fighting
 * Level 4.2 Polearms
 - Level 2.2 Armour
 + Level 3.1 Dodging
 + Level 2.4 Spellcasting
 - Level 3.5 Charms


You had 8 spell levels left.
You knew the following spells:

 Your Spells              Type           Power        Failure   Level  Hunger
a - Infusion              Chrm           ###.         4%          1    None


Dungeon Overview and Level Annotations

Branches:
Dungeon (4/15)
 Temple: D:4-7

Altars:
The Shining One

Annotations:
D:4 Edmund


Innate Abilities, Weirdness & Mutations

You are mostly covered in slimy green scales. (AC +3)


Message History

You hit Edmund.
Edmund is almost dead.
You hit Edmund but do no damage.
Edmund is almost dead.
Edmund completely misses you.
You closely miss Edmund.
Edmund is almost dead.
Edmund barely misses you.
You closely miss Edmund.
Edmund is almost dead.
Edmund barely misses you.
You hit Edmund.
Edmund is almost dead.
You hit Edmund but do no damage.
Edmund is almost dead.
Edmund closely misses you.
You hit Edmund but do no damage.
Edmund is almost dead.
Edmund hits you with a flail of protection.
You die...

#.........
#.########
#.# #.# #.#
#########.#
#.........#
#.#########
#@#
......@.#
#########


You could see Edmund.

Vanquished Creatures
  An ogre (D:4)
  A bullfrog (D:2)
  A howler monkey (D:2)
  5 gnolls
  3 adders (D:2)
  An ooze (D:1)
  2 worms (D:2)
  4 dart slugs (D:1)
  2 leopard geckos
  5 orcs (D:3)
  4 giant cockroaches
  6 goblins
  5 hobgoblins
  6 jackals
  A quokka (D:3)
  6 bats
  4 frilled lizards
  6 kobolds
  8 rats
71 creatures vanquished.

Notes
Turn   | Place    | Note
-------+----------+-------------------------------------------
     0 | D:1      | vishdafish the Demonspawn Skald began the quest for the Orb.
     0 | D:1      | Reached XP level 1. HP: 16/16 MP: 3/3
    88 | D:1      | Reached skill level 1 in Armour
   178 | D:1      | Reached skill level 2 in Polearms
   178 | D:1      | Gained mutation: You are partially covered in slimy green scales. (AC +2) [demonic ancestry]
   178 | D:1      | Reached XP level 2. HP: 2/22 MP: 3/5
   178 | D:1      | HP: 1/22 [bat (1)]
   817 | D:1      | Gained mutation: You are mostly covered in slimy green scales. (AC +3) [demonic ancestry]
   817 | D:1      | Reached XP level 3. HP: 26/27 MP: 4/6
  1255 | D:2      | Reached XP level 4. HP: 21/33 MP: 5/7
  1502 | D:2      | Noticed a bullfrog
  1513 | D:2      | Killed a bullfrog
  1513 | D:2      | Reached skill level 3 in Polearms
  1556 | D:2      | Reached XP level 5. HP: 33/38 MP: 5/8
  2895 | D:3      | Found a glowing golden altar of the Shining One.
  2948 | D:3      | Reached XP level 6. HP: 24/44 MP: 3/9
  3121 | D:4      | Reached skill level 4 in Polearms
  3276 | D:4      | Noticed Edmund
  3313 | D:4      | Slain by Edmund

Vault maps used:
D:1:      kilobyte_arrival_exit_the_forest
D:3:      lemuel_doored_altar
D:4:      lemuel_round_altar, yredelemnul_altar_generic, serial_shops, shop,
          uniq_eustachio, uniq_edmund

Skill      XL: |  1  2  3  4  5  6 |
---------------+-------------------+-----
Armour         | 1 2 |  2.2
Polearms       | 2 3 4 |  4.2
Dodging        | 2 3 |  3.1
Charms         | 3 |  3.5
Fighting       | |  2.0
Spellcasting   | |  2.4

Action                   |  1- 3 |  4- 6 || total
-------------------------+-------+-------++-------
Melee: Spear             |   101 |   233 ||   334
Throw: Throwing net      |       |     1 ||     1
 Cast: Infusion          |     9 |    14 ||    23
 Stab: Sleeping          |     2 |       ||     2
       Held in net/web   |       |     1 ||     1
  Eat: Chunk             |     1 |     7 ||     8
Armor: Leather armour    |    22 |    63 ||    85
Dodge: Dodged            |    37 |   110 ||   147

Table legend:
 A = Spawn XP
 B = Non-spawn XP
 C = Spawn XP percentage of total XP
 D = Spawn monster count
 E = Non-spawn monster count
 F = Spawn count percentage of total count
 G = Total turns spent on level
                    A         B        C        D         E        F      G
               +---------+---------+-------+---------+---------+-------+---------
         Total |       0 |     493 |   0.0 |       0 |      71 |   0.0 |  3313
               +---------+---------+-------+---------+---------+-------+---------
           D:1 |       0 |      62 |   0.0 |       0 |      23 |   0.0 |  1100
           D:2 |       0 |     210 |   0.0 |       0 |      19 |   0.0 |  1118
           D:3 |       0 |     109 |   0.0 |       0 |      28 |   0.0 |   895
           D:4 |       0 |     112 |   0.0 |       0 |       1 |   0.0 |   200
               +---------+---------+-------+---------+---------+-------+---------
